 Dungeon Crawl Stone Soup version 0.28-a0-819-g6ef7baa362 (webtiles) character file.

Game seed: 12115480521679812581

70 lawman0 the Magician (level 4, -5/33 HPs)
             Began as a Draconian Hedge Wizard on Nov 9, 2021.
             Slain by Natasha (8 damage)
             ... on level 2 of the Dungeon.
             The game lasted 00:01:43 (1569 turns).

lawman0 the Magician (Draconian Hedge Wizard)       Turns: 1569, Time: 00:01:44

Health: -5/33      AC:  5    Str: 13    XL:     4   Next: 3%
Magic:  3/9        EV: 12    Int: 15    God:
Gold:   52         SH:  0    Dex: 10    Spells: 1/10 levels left

rFire   . . .      SeeInvis .   d - +2 whip (flame)
rCold   . . .      Faith    .   (no shield)
rNeg    . . .      Spirit   .   (armour unavailable)
rPois   .          Reflect  .   b - +0 hat
rElec   .          Harm     .   (no cloak)
rCorr   .          Rampage  .   (no gloves)
Will    .....                   (no boots)
Stlth   ++........              (no amulet)
HPRegen 0.11/turn               (no ring)
MPRegen 0.11/turn               (no ring)

@: very slightly contaminated
A: AC +5, unfitting armour, cold-blooded
a: no special abilities


You were on level 2 of the Dungeon.
You visited 1 branch of the dungeon, and saw 2 of its levels.

You collected 52 gold pieces.

Inventory:

Hand Weapons
 d - a +2 whip of flaming (weapon)
Missiles
 i - 5 javelins
Armour
 b - a +0 hat (worn)
Scrolls
 a - a scroll of enchant armour {unknown}
 c - a scroll of holy word {unknown}
 e - a scroll of teleportation {unknown}
 f - a scroll of immolation
 g - a scroll of fear {unknown}
 h - a scroll of acquirement {unknown}


   Skills:
 + Level 0.2 Fighting
 + Level 2.0 Dodging
 + Level 1.9 Stealth
 + Level 3.9 Spellcasting
 * Level 1.6 Conjurations
 * Level 0.1 Hexes
 * Level 1.1 Summonings
 * Level 1.4 Translocations
 * Level 0.4 Air Magic
 * Level 0.2 Poison Magic


You had one spell level left.
You knew the following spells:

 Your Spells              Type           Power      Damage    Failure   Level
a - Magic Dart            Conj           28%        1d4       10%         1
b - Slow                  Hex            12%        N/A       17%         1
c - Blink                 Tloc           14%        N/A       16%         2
d - Call Imp              Summ           6%         N/A       17%         2
e - Mephitic Cloud        Conj/Pois/Air  5%         N/A       36%         3

Your spell library contained the following spells:

 Spells                   Type           Power      Damage    Failure   Level
 Conjure Flame            Conj/Fire      5%         6-21      36%         3


Dungeon Overview and Level Annotations

Branches:
Dungeon (2/15)

Altars:

Annotations:
D:2 Natasha


Innate Abilities, Weirdness & Mutations

Your plain brown scales are hard. (AC +5)
You cannot fit into any form of body armour.
You are cold-blooded and may be slowed by cold attacks.


Message History

The magic dart hits you!
Aiming: Magic Dart (safe; 10% risk of failure)
Press: ? - help, Q - select action, (/) - cycle Shift-Dir - straight line, f/p - Natasha
Aim: Natasha (100% to hit)
The magic dart hits Natasha.
Natasha is moderately wounded.
Aiming: Magic Dart (safe; 10% risk of failure)
Press: ? - help, Q - select action, (/) - cycle Shift-Dir - straight line, f/p - Natasha
Aim: Natasha (moderately wounded, 100% to hit)
You miscast Magic Dart.
You are very lightly contaminated with residual magic.
Nothing appears to happen.
Aiming: Magic Dart (safe; 10% risk of failure)
Press: ? - help, Q - select action, (/) - cycle Shift-Dir - straight line, f/p - Natasha
Aim: Natasha (moderately wounded, 100% to hit)
The magic dart hits Natasha but does no damage.
Natasha is moderately wounded.
Natasha extends her claws.
Unknown command.
Unknown command.
Aiming: Magic Dart (safe; 10% risk of failure)
Press: ? - help, Q - select action, (/) - cycle Shift-Dir - straight line, f/p - Natasha
Aim: Natasha (moderately wounded, 100% to hit)
The magic dart hits Natasha.
Natasha is moderately wounded.
Unknown command.
Casting: Magic Dart (safe; 10% risk of failure)
Confirm with . or Enter, or press ? or * to list all spells.
A beastly little devil appears in a puff of frigid air.
You closely miss Natasha.
Natasha is moderately wounded.
Natasha claws you.
You barely miss Natasha.
Natasha is moderately wounded.
Natasha claws you.
Your white imp closely misses Natasha.
Natasha claws you!
* * * LOW HITPOINT WARNING * * *
You barely miss Natasha.
Your tail-slap misses Natasha.
Natasha is moderately wounded.
Your white imp closely misses Natasha.
Natasha claws you!
You die...

......#.#####. #.
#.....##.......##.
##.####.....##........#.
................##......
......#.....###. #......
...#....# ... #...##.
......## #..##...##. #
#h.#...##..##...##.
#.####5@# #.....##......
........# #...........
##).....######..#.....#.
#...........#.....####.
#..............)...###.
#...................##.
#.............####...##
#.............# ≈≈≈≈≈
#.............# ...##


You could see Natasha (ally target) and a friendly white imp (summoned).

Vanquished Creatures
  A hound skeleton (D:2)
  A gnoll (D:1)
  2 adders (D:2)
  A dart slug (D:1)
  3 ball pythons
  2 bats
  2 endoplasms (D:1)
  3 giant cockroaches (D:1)
  A goblin (D:1)
  3 hobgoblins (D:1)
  2 quokkas
  3 kobolds
  3 rats (D:1)
27 creatures vanquished.

Vanquished Creatures (others)
  4 plants (D:1)
4 creatures vanquished.

Grand Total: 31 creatures vanquished

Notes
Turn   | Place    | Note
-------+----------+-------------------------------------------
     0 | D:1      | lawman0 the Draconian Hedge Wizard began the quest for the
                  | Orb.
     0 | D:1      | Reached XP level 1. HP: 14/14 MP: 4/4
   192 | D:1      | Reached XP level 2. HP: 20/20 MP: 3/6
   413 | D:1      | Found a faded altar of an unknown god.
   893 | D:1      | Reached XP level 3. HP: 26/26 MP: 1/8
  1159 | D:2      | Learned a level 1 spell: Slow
  1162 | D:2      | Learned a level 2 spell: Blink
  1165 | D:2      | Learned a level 2 spell: Call Imp
  1169 | D:2      | Learned a level 3 spell: Mephitic Cloud
  1367 | D:2      | Reached XP level 4. HP: 14/33 MP: 5/9
  1560 | D:2      | Noticed Natasha
  1569 | D:2      | Slain by Natasha

Illustrated notes

Levels and vault maps discovered:
D:1:      psy_arrival_whirlpool, layout_loops_ring,
          hellmonk_ecumenical_altar_blasted, kennysheep_boxes
D:2:      layout_rooms, serial_rivers, chequers_serial_rivers_micro_e,
          chequers_serial_rivers_micro_c, chequers_serial_rivers_micro_a,
          chequers_serial_rivers_large_b, basic_altar, uniq_natasha

Skill      XL: |  1  2  3 |
---------------+----------+-----
Dodging        | 2 |  2.0
Fighting       | |  0.2
Stealth        | |  1.9
Spellcasting   | |  3.9
Conjurations   | |  1.6
Hexes          | |  0.1
Summonings     | |  1.1
Translocations | |  1.4
Air Magic      | |  0.4
Poison Magic   | |  0.2

Action                   |  1- 3 |  4- 6 || total
-------------------------+-------+-------++-------
Melee: Whip              |    62 |     3 ||    65
       Tailslap          |     3 |       ||     3
 Cast: Magic Dart        |    33 |     4 ||    37
       Call Imp          |       |     1 ||     1
  Use: Potion            |       |     1 ||     1
 Stab: Sleeping          |     2 |       ||     2
Armor: Skin              |    24 |       ||    24
Dodge: Dodged            |    47 |       ||    47

Table legend: (Time is in decaauts)
 A = Elapsed time spent in this place.
 B = Non-inter-level travel time spent in this place.
 C = Inter-level travel time spent in this place.
 D = Time resting spent in this place.
 E = Time spent auto-exploring this place.
 F = Levels seen in this place.
 G = Mean time per level.
                   A        B        C        D        E       F      G
               +--------+--------+--------+--------+--------+-----+--------+
         Total |   1577 |   1556 |     21 |     31 |   1271 |   2 |  788.5 |
       Dungeon |   1577 |   1556 |     21 |     31 |   1271 |   2 |  788.5 |
               +--------+--------+--------+--------+--------+-----+--------+

Top non-repeatable levels by time:
     D:1: 1153 daAuts
     D:2: 423 daAuts
